 Dungeon Crawl Stone Soup version 0.21-a0-24-ga372141 (webtiles) character file.

73282 Patate the Unseen (level 15, -16/90 HPs)
             Began as a Spriggan Enchanter on May 21, 2017.
             Was the Champion of Okawaru.
             Demolished by a komodo dragon (27 damage)
             ... on level 5 of the Lair of Beasts on May 25, 2017.
             The game lasted 02:02:41 (37968 turns).

Patate the Unseen (Spriggan Enchanter)             Turns: 37968, Time: 02:02:41

Health: -16/90     AC:  6    Str:  4    XL:     15   Next: 3%
Magic:  23/29      EV: 29    Int: 19    God:    Okawaru [******]
Gold:   2479       SH:  2    Dex: 21    Spells: 25/33 levels left

rFire    + . .     SeeInvis +   w - +4 dagger of the Invisible Planets {elec, rC+ rN+}
rCold    + . .     Gourm    .   (shield restricted)
rNeg     + . .     Faith    .   W - +1 robe {rF+}
rPois    .         Spirit   .   D - +1 hat {MR+}
rElec    .         Reflect  +   m - +1 cloak
rCorr    +         Harm     .   (gloves unavailable)
MR       ++++.                  (boots unavailable)
Stlth    +++++++...             p - +2 amulet of reflection
Regen    0.3/turn               r - ring of resist corrosion
MPRegen  0.3/turn               f - ring of protection from magic

@: very slightly contaminated, very quick
A: unfitting armour, see invisible, herbivore 3, speed 3, slow metabolism 2
a: Heroism, Finesse, Renounce Religion


You were on level 5 of the Lair of Beasts.
You worshipped Okawaru.
Okawaru was exalted by your worship.
You were not hungry.

You visited 5 branches of the dungeon, and saw 23 of its levels.

You collected 2719 gold pieces.
You spent 240 gold pieces at shops.

Inventory:

Hand Weapons
 q - a +4 dagger of electrocution
 w - the +4 dagger of the Invisible Planets (weapon) {elec, rC+ rN+}
   (Okawaru gifted it to you on level 12 of the Dungeon)

   Occasionally, upon striking a foe, it will discharge some electrical energy
   and cause terrible harm.
   It protects you from cold.
   It protects you from negative energy.
 Z - the +3 dagger "Udoyps" {pain, rC+ Str+3 Dex+2}
   (You found it on level 12 of the Dungeon)

   In the hands of one skilled in necromantic magic, it inflicts extra damage on
   living creatures.
   It affects your strength (+3).
   It affects your dexterity (+2).
   It protects you from cold.
Armour
 b - a +1 robe of magic resistance
 m - a +1 cloak (worn)
 D - a +1 hat of magic resistance (worn)
 W - a +1 robe of fire resistance (worn)
Jewellery
 f - a ring of protection from magic (right hand)
 h - a +5 ring of strength
 p - a +2 amulet of reflection (around neck)
 r - a ring of resist corrosion (left hand)
 E - an uncursed amulet of magic regeneration
 S - an uncursed ring of protection from magic
 X - a +5 ring of dexterity
Wands
 v - a wand of polymorph (16/24)
 y - a wand of digging (6/24)
 C - a wand of lightning (8/15)
 F - a wand of paralysis (6/24)
 G - a wand of iceblast (9/15)
 O - a wand of flame (38/48)
 P - a wand of scattershot (3/9)
Scrolls
 a - 11 scrolls of teleportation
 g - 6 scrolls of remove curse
 j - 3 scrolls of noise {unknown}
 n - 8 scrolls of fear
 o - 3 scrolls of enchant armour
 t - a scroll of recharging
 u - 12 scrolls of identify
 x - 4 scrolls of amnesia
 N - 4 scrolls of fog
Potions
 e - 3 potions of brilliance
 i - 4 potions of might
 k - 2 potions of magic
 l - 4 potions of lignification
 s - 3 potions of invisibility
 B - 7 potions of heal wounds
 H - 3 potions of agility
 L - 2 potions of haste
 Q - a potion of curing
 T - 2 potions of cancellation
Books
 c - a book of Maledictions

   Spells                             Type                      Level
   a - Corona                         Hexes                        1
   b - Ensorcelled Hibernation        Hexes/Ice                    2
   c - Confuse                        Hexes                        3
   d - Tukima's Dance                 Hexes                        3
   e - Dazzling Spray                 Conjuration/Hexes            3
 z - a book of Changes

   Spells                             Type                      Level
   a - Beastly Appendage              Transmutation                1
   b - Sticks to Snakes               Transmutation                2
   c - Spider Form                    Transmutation/Poison         3
   d - Ice Form                       Ice/Transmutation            4
   e - Blade Hands                    Transmutation                5
 J - a book of Cantrips

   Spells                             Type                      Level
   a - Confusing Touch                Hexes                        1
   b - Animate Skeleton               Necromancy                   1
   c - Summon Small Mammal            Summoning                    1
   d - Apportation                    Translocation                1
 K - a book of Minor Magic

   Spells                             Type                      Level
   a - Magic Dart                     Conjuration                  1
   b - Blink                          Translocation                2
   c - Call Imp                       Summoning                    2
   d - Slow                           Hexes                        2
   e - Conjure Flame                  Conjuration/Fire             3
   f - Mephitic Cloud                 Conjuration/Poison/Air       3
 U - a book of Battle

   Spells                             Type                      Level
   a - Infusion                       Charms                       1
   b - Shroud of Golubria             Charms/Translocation         2
   c - Song of Slaying                Charms                       2
   d - Spectral Weapon                Hexes/Charms                 3
   e - Regeneration                   Charms/Necromancy            3
Comestibles
 d - 15 bread rations


   Skills:
 * Level 15.4 Fighting
 - Level 10.7 Short Blades
 - Level 11.6 Dodging
 + Level 16.3 Stealth
 - Level 9.8 Spellcasting
 - Level 8.1 Hexes


You had 25 spell levels left.
You knew the following spells:

 Your Spells              Type           Power        Failure   Level  Hunger
a - Corona                Hex            #####..      1%          1    None
b - Ensorcelled Hibernat  Hex/Ice        ###...       2%          2    None
c - Confuse               Hex            #####...     1%          3    None
d - Blink                 Tloc           N/A          12%         2    None


Dungeon Overview and Level Annotations

Branches:
Dungeon (13/15)            Temple (1/1) D:5            Lair (6/6) D:10
 Shoals (0/4) Lair:2        Snake (0/4) Lair:2        Slime (1/5) Lair:5
    Orc (2/2) D:11            Elf (0/3) Orc:2
 Vaults: D:13-14

Altars:
Ashenzari
Cheibriados
Dithmenos
Elyvilon
Fedhas
Gozag
Hepliaklqana
Kikubaaqudgha
Makhleb
Nemelex Xobeh
Okawaru
Qazlal
Ru
Sif Muna
Trog
Uskayaw
Vehumet
Wu Jian
Xom
Yredelemnul
Zin
The Shining One
Jiyva

Shops:
D:8 !   D:11 [   Orc:2 %[%(

Portals:
Ossuary: D:4


Innate Abilities, Weirdness & Mutations

You are very small and have problems with some larger weapons.
You are too small for most types of armour.
You have supernaturally acute eyesight. (SInv)
You are a herbivore.
You cover ground extremely quickly.
You need consume almost no food.


Message History

You resist with almost no effort. The slime creature hits you!
* * * LOW HITPOINT WARNING * * *
The slime creature hits you!
* * * LOW HITPOINT WARNING * * *
You climb upwards.
Welcome back to the Lair of Beasts!
There is a staircase to the Slime Pits here.
Casting: Confuse
Confirm with . or Enter, or press ? or * to list all spells.
You miscast Blink.
You are very lightly contaminated with residual magic.
Nothing appears to happen.
The slime creature completely misses you.
The slime creature misses you.
Casting: Blink
Confirm with . or Enter, or press ? or * to list all spells.
You blink.
The komodo dragon hisses angrily.
You block the komodo dragon's attack. The komodo dragon bites you!!
You die...

#...#.P..#P......................
.....#.......##..###...#.........
...............#.####t........#..
...(.............................
......#.#..............#.........
......##.#####...................
....#..†#######..................
###..#P.##...##.(..P...#.........
##......##.J.##.@.......#........
#P÷P....##..J.'..lP.....#........
##......#######.P.#.....##...#...
##P....## ##..#.#.#.###.P.....
##.......#####.......#####.#.)...
..#.P................# #.#......
...#P..........P.....######..P|P.
......................##.#......#
..#...#....#............#.......#


You could see a slime creature, a komodo dragon and a crocodile (wandering).

Vanquished Creatures
  The ghost of Chiseanne the Tortoise, a journeyman MiBe of Trog (Orc:2)
  Nessos (D:12)
  Snorg (Orc:1)
  An ettin (Orc:2)
  3 hydras
  The ghost of Conn321 the Thaumaturge, a journeyman OpFE of Sif Muna (Orc:2)
  Harold (D:12)
  Fannar (D:12)
  A centaur warrior (D:13)
  6 two-headed ogres
  3 orc high priests (Orc:2)
  An unseen horror (D:12)
  5 orc knights
  4 orc sorcerers (Orc:2)
  A wolf spider (Lair:6)
  A deep elf mage (D:12)
  A cyclops (Orc:1)
  2 manticores
  A guardian serpent (Lair:6)
  13 black mambas
  17 spiny frogs
  2 gargoyles
  2 rime drakes (Lair:6)
  An efreet (D:13)
  13 komodo dragons
  7 trolls
  11 polar bears
  2 raiju (Lair:6)
  7 hippogriffs
  Grinder (D:3)
  3 hornets
  A dream sheep (Lair:6)
  15 blink frogs
  Prince Ribbit (D:5)
  A meliai zombie (D:13)
  Sigmund (D:3)
  A spriggan (D:11)
  A shadow (D:12)
  2 wraiths
  9 wyverns (Lair:6)
  2 redbacks
  39 yaks
  2 basilisks
  The ghost of Zigma the Ruffian, an amateur DrMo of Okawaru (D:3)
  Grum (D:8)
  2 hungry ghosts (D:13)
  2 nagas (Lair:2)
  Menkaure (D:4)
  8 wargs
  An acid dragon (D:13)
  21 water moccasins
  9 porcupines
  13 hell hounds (Lair:6)
  21 orc warriors
  3 phantoms
  2 sky beasts
  A swamp drake (Lair:1)
  4 ice beasts
  3 eyes of draining
  14 black bears
  15 wolves
  11 ogres
  21 crocodiles
  13 centaurs
  Blork the orc (D:6)
  A gnoll sergeant (D:11)
  13 bullfrogs
  12 killer bees
  12 scorpions
  4 howler monkeys
  An electric eel (Lair:1)
  3 centaur zombies
  3 crimson imps
  11 hounds
  A quasit (D:10)
  2 bullfrog zombies (D:7)
  4 centaur skeletons
  2 jellies
  Crazy Yiuf (D:2)
  29 orc wizards
  14 orc priests
  2 bullfrog skeletons
  Ijyb (D:3)
  Jessica (D:3)
  8 iguanas
  9 worker ants
  2 hound zombies
  A hound skeleton (D:5)
  A worker ant zombie (D:10)
  5 gnolls (D:11)
  15 adders
  5 shadow imps
  An ooze (D:1)
  2 worms
  4 dart slugs
  9 leopard geckos
  75 orcs
  7 ball pythons
  15 bats
  6 giant cockroaches
  6 hobgoblins
  3 jackals
  3 quokkas
  15 frilled lizards
  4 goblins
  2 jackal skeletons
  3 kobolds
  A leopard gecko skeleton (D:6)
  2 leopard gecko zombies
  15 rats
694 creatures vanquished.

Vanquished Creatures (others)
  An orc warrior (D:11)
  An orc (Orc:1)
  A quokka (D:12)
  28 fungi
  37 plants
68 creatures vanquished.

Grand Total: 762 creatures vanquished

Notes
Turn   | Place    | Note
-------+----------+-------------------------------------------
     0 | D:1      | Patate the Spriggan Enchanter began the quest for the Orb.
     0 | D:1      | Reached XP level 1. HP: 9/9 MP: 5/5
   395 | D:1      | Reached skill level 5 in Stealth
   489 | D:1      | Reached XP level 2. HP: 13/13 MP: 6/6
   493 | D:1      | Learned a level 2 spell: Ensorcelled Hibernation
   560 | D:1      | Reached skill level 6 in Stealth
   813 | D:1      | Reached XP level 3. HP: 11/16 MP: 8/8
  1132 | D:2      | Found a runed door.
  1135 | D:2      | Noticed Crazy Yiuf
  1145 | D:2      | Killed Crazy Yiuf
  1145 | D:2      | Reached skill level 7 in Stealth
  1361 | D:2      | Found an ornate altar of the Wu Jian Council.
  1407 | D:2      | Reached XP level 4. HP: 9/21 MP: 9/9
  1624 | D:2      | Found a radiant altar of Vehumet.
  1631 | D:2      | Found a burning altar of Makhleb.
  1698 | D:2      | Found a stormy altar of Qazlal.
  1847 | D:2      | Reached skill level 8 in Stealth
  2022 | D:3      | Noticed Zigma's ghost (amateur DrMo)
  2319 | D:3      | Noticed Sigmund
  2323 | D:3      | Killed Sigmund
  2323 | D:3      | Reached skill level 10 in Stealth
  2323 | D:3      | Reached XP level 5. HP: 24/24 MP: 10/10
  2323 | D:3      | Reached XP level 6. HP: 28/28 MP: 11/11
  2470 | D:3      | Learned a level 3 spell: Confuse
  2493 | D:3      | Killed Zigma's ghost
  2493 | D:3      | Reached skill level 11 in Stealth
  2646 | D:3      | Noticed Grinder
  2656 | D:3      | Killed Grinder
  2656 | D:3      | Reached XP level 7. HP: 32/32 MP: 11/13
  2827 | D:3      | Found an opulent altar of Gozag.
  2877 | D:3      | Noticed Jessica
  2882 | D:3      | Killed Jessica
  2927 | D:3      | Noticed Ijyb
  2944 | D:3      | Killed Ijyb
  2944 | D:3      | Reached skill level 5 in Dodging
  3450 | D:4      | Reached skill level 5 in Spellcasting
  3555 | D:4      | Found a shimmering altar of Xom.
  3555 | D:4      | Found a blossoming altar of Fedhas.
  3825 | D:4      | Found a shadowy altar of Dithmenos.
  3827 | D:4      | Noticed Menkaure
  3831 | D:4      | Killed Menkaure
  3878 | D:4      | Found a sand-covered staircase.
  4069 | D:5      | Entered Level 5 of the Dungeon
  4071 | D:5      | Noticed Prince Ribbit
  4078 | D:5      | Killed Prince Ribbit
  4078 | D:5      | Reached XP level 8. HP: 36/36 MP: 14/18
  4144 | D:5      | Found a hide-covered altar of Uskayaw.
  4317 | D:5      | Found a staircase to the Ecumenical Temple.
  4327 | Temple   | Entered the Ecumenical Temple
  4361 | Temple   | Became a worshipper of Warmaster Okawaru
  5266 | D:5      | Noticed a two-headed ogre
  5277 | D:5      | Killed a two-headed ogre
  5277 | D:5      | Reached * piety under Okawaru
  5277 | D:5      | Reached skill level 10 in Dodging
  5277 | D:5      | Reached XP level 9. HP: 38/39 MP: 20/23
  5500 | D:6      | Found a basalt altar of Yredelemnul.
  5922 | D:6      | Noticed Blork the orc
  5964 | D:6      | Killed Blork the orc
  6530 | D:7      | Reached skill level 1 in Fighting
  6584 | D:7      | Learned a level 2 spell: Blink
  6691 | D:7      | Reached ** piety under Okawaru
  6855 | D:7      | Noticed a moth of wrath
  6857 | D:7      | Found a bloodstained altar of Trog.
  6930 | D:7      | Found an opulent altar of Gozag.
  7340 | D:8      | Found a shattered altar of Ashenzari.
  7394 | D:8      | Reached XP level 10. HP: 40/49 MP: 24/24
  7400 | D:8      | Noticed Grum
  7406 | D:8      | Killed Grum
  7693 | D:8      | Found Puekoxiv's Distillery.
  7710 | D:8      | Bought a potion of heal wounds for 80 gold pieces
  7710 | D:8      | Bought 2 potions of heal wounds for 160 gold pieces
  8551 | D:9      | Reached *** piety under Okawaru
  8580 | D:9      | Reached skill level 5 in Fighting
  9269 | D:9      | Found a sparkling altar of Nemelex Xobeh.
  9358 | D:9      | Reached skill level 5 in Short Blades
  9744 | D:9      | Found a snail-covered altar of Cheibriados.
  9826 | D:9      | Noticed a two-headed ogre
 10451 | D:8      | Reached **** piety under Okawaru
 10702 | D:9      | Killed a two-headed ogre
 11406 | D:10     | Entered Level 10 of the Dungeon
 11521 | D:10     | Found a staircase to the Lair.
 11529 | D:10     | Reached ***** piety under Okawaru
 11529 | D:10     | Reached XP level 11. HP: 49/58 MP: 21/25
 11565 | D:10     | Noticed a two-headed ogre
 11573 | D:10     | Killed a two-headed ogre
 12401 | D:10     | Received a gift from Okawaru
 12877 | Lair:1   | Entered Level 1 of the Lair of Beasts
 13453 | Lair:1   | Noticed a seven-headed hydra
 13463 | Lair:1   | Killed a seven-headed hydra
 15177 | Lair:2   | Found a labyrinth entrance.
 15208 | Lair:2   | Found a staircase to the Shoals.
 15574 | Lair:2   | Found a staircase to the Snake Pit.
 15600 | Lair:2   | Reached skill level 10 in Fighting
 16085 | Lair:3   | Reached skill level 12 in Stealth
 16085 | Lair:3   | Reached XP level 12. HP: 35/67 MP: 21/26
 16705 | Lair:3   | You fall through a shaft!
 17219 | Lair:3   | Received a gift from Okawaru
 17394 | Lair:3   | Reached skill level 13 in Stealth
 19226 | Lair:4   | Reached skill level 14 in Stealth
 19941 | Lair:5   | Reached ****** piety under Okawaru
 20388 | Lair:5   | Found a viscous altar of Jiyva.
 20388 | Lair:5   | Found a staircase to the Slime Pits.
 20541 | Lair:5   | Upgraded the game from 0.21-a0-2-ge494091 to 0.21-a0-19-g210df22
 20566 | Lair:6   | Entered Level 6 of the Lair of Beasts
 20631 | Lair:6   | Reached XP level 13. HP: 55/75 MP: 19/27
 21003 | Lair:6   | Received a gift from Okawaru
 21172 | Lair:6   | Reached skill level 5 in Hexes
 21426 | Lair:6   | Paralysed by a hornet for 2 turns
 22648 | Lair:6   | Received a gift from Okawaru
 25021 | Lair:6   | Upgraded the game from 0.21-a0-19-g210df22 to 0.21-a0-24-ga372141
 26648 | Lair:6   | Reached XP level 14. HP: 72/84 MP: 28/28
 28281 | D:11     | Found a staircase to the Orcish Mines.
 28283 | D:11     | Found Baumasch's Armour Boutique.
 28783 | D:12     | Noticed Harold
 28790 | D:12     | Killed Harold
 28790 | D:12     | Received a gift from Okawaru
 28819 | D:12     | Noticed Fannar
 28852 | D:12     | Killed Fannar
 29215 | D:12     | Got a twisted dagger
 29216 | D:12     | Identified the +3 dagger "Udoyps" {pain, rC+ Str+3 Dex+2} (You found it on level 12 of the Dungeon)
 29306 | D:12     | Noticed Nessos
 29312 | D:12     | Killed Nessos
 29388 | D:12     | Reached skill level 15 in Stealth
 29813 | D:13     | Reached skill level 10 in Short Blades
 31846 | D:12     | Received a gift from Okawaru
 31898 | D:12     | Got a shimmering dagger {god gift}
 31899 | D:12     | Identified the +4 dagger of the Invisible Planets {elec, rC+ rN+} (Okawaru gifted it to you on level 12 of the Dungeon)
 31918 | Orc:1    | Entered Level 1 of the Orcish Mines
 32303 | Orc:2    | Entered Level 2 of the Orcish Mines
 32303 | Orc:2    | Found a staircase to the Elven Halls.
 32308 | Orc:1    | Noticed Snorg
 32340 | Orc:1    | Killed Snorg
 32899 | Orc:2    | Noticed Conn321's ghost (journeyman OpFE)
 33318 | Orc:2    | Killed Conn321's ghost
 33617 | Orc:2    | HP: 4/84 [orc priest/divine providence (9)]
 33957 | Orc:2    | Received a gift from Okawaru
 33957 | Orc:2    | Reached skill level 15 in Fighting
 34843 | Orc:2    | Noticed Chiseanne's ghost (journeyman MiBe)
 35488 | Orc:2    | Killed Chiseanne's ghost
 36029 | Orc:2    | Found Yzeas's Food Shoppe.
 36059 | Orc:2    | Reached skill level 16 in Stealth
 37009 | Orc:2    | Found Vituig's Antique Armour Shoppe.
 37013 | Orc:2    | Found Aplomoih's Weapon Shop.
 37062 | Orc:2    | Reached XP level 15. HP: 15/90 MP: 12/29
 37452 | Orc:2    | Found Quhinn's Food Shop.
 37952 | Slime:1  | Entered Level 1 of the Pits of Slime
 37968 | Lair:5   | Demolished by a komodo dragon

Vault maps used:
D:1:      minmay_arrival_plants_in_alcoves
D:2:      grunt_temple_overflow_open, lemuel_doored_altar,
          nicolae_qazlal_general_emergency, uniq_crazy_yiuf_cottage
D:3:      grunt_gozag_statues, uniq_grinder, uniq_ijyb, uniq_sigmund,
          uniq_jessica
D:4:      gammafunk_temple_overflow_wave, kennysheep_little_box,
          enter_ossuary_5, minivault_5, uniq_menkaure
D:5:      kennysheep_six_static_rooms, lemuel_round_altar,
          minmay_temple_entry_junction, first_bread, amethyst_killhole,
          uniq_prince_ribbit1
D:6:      overflow_temple_1_default, uniq_blork_the_orc
D:7:      minmay_cornered_nines, tgw_trog, kennysheep_mini
D:8:      old_forge, evilmike_ruin_ashenzari, serial_shops, shop_fountains,
          uniq_grum
D:9:      lemuel_round_altar, lemuel_round_altar
D:10:     lair_entry_dummy
D:11:     orc_david_3, the_bakery
D:12:     uniq_nessos, uniq_harold, uniq_fannar
D:13:     erik_vaults_1
Temple:   jpeg_temple_island
Lair:1:   lemuel_reptile_caves
Lair:2:   shoals_dummy_entry, minmay_snake_entry_guardpost_large,
          lab_entry_generic, minivault_25
Lair:4:   st_stairs_13
Lair:5:   dpeg_slime_entry_enclosed_altar
Lair:6:   hangedman_lair_tendril_chambers, hangedman_lair_caniforms_friends
Orc:1:    uniq_snorg
Orc:2:    st_orc_elflike

Skill      XL: |  1  2  3  4  5  6  7  8  9 10 11 12 13 14 |
---------------+-------------------------------------------+-----
Stealth        | 5 6 7 10 11 12 14 16 | 16.3
Dodging        | 4 7 10 11 | 11.6
Spellcasting   | 3 6 9 |  9.8
Fighting       | 3 7 10 12 14 15 | 15.4
Short Blades   | 3 6 9 10 | 10.7
Hexes          | 8 |  8.1

Action                   |  1- 3 |  4- 6 |  7- 9 | 10-12 | 13-15 || total
-------------------------+-------+-------+-------+-------+-------++-------
Melee: Dagger            |   136 |    85 |   251 |   876 |  1507 ||  2855
       Punch             |       |       |       |       |     2 ||     2
 Cast: Ensorcelled Hiber |     2 |     7 |    17 |   157 |   215 ||   398
       Confuse           |       |     3 |     1 |    32 |   109 ||   145
       Blink             |       |       |       |       |    12 ||    12
Invok: Heroism           |       |       |       |       |     6 ||     6
  Use: Scroll            |     2 |     2 |     3 |    21 |     1 ||    29
       Potion            |       |       |       |     3 |     5 ||     8
 Stab: Sleeping          |     7 |    12 |    43 |    87 |   110 ||   259
       Distracted        |       |     2 |     1 |     1 |     3 ||     7
       Confused          |       |     3 |     1 |    12 |    37 ||    53
  Eat: Fruit             |       |       |     4 |     5 |       ||     9
       Royal jelly       |       |       |       |     4 |     3 ||     7
       Bread ration      |       |       |       |       |     3 ||     3
Armor: Robe              |    16 |     6 |     9 |    23 |    87 ||   141
Dodge: Dodged            |   131 |    57 |   182 |   759 |  1308 ||  2437
Block: Other             |       |     4 |    10 |    37 |    75 ||   126
       Reflection        |       |       |       |     1 |     2 ||     3
